 Dungeon Crawl Stone Soup version 0.28-a0-1033-g1a2f33fa85 (webtiles) character file.

Game seed: 1269113658362370373

201 vineage the Skirmisher (level 5, 0/51 HPs)
             Began as a Minotaur Fighter on Dec 7, 2021.
             Slain by Eustachio (8 damage)
             ... on level 4 of the Dungeon.
             The game lasted 00:03:42 (2580 turns).

vineage the Skirmisher (Minotaur Fighter)           Turns: 2580, Time: 00:03:43

Health: 0/51       AC:  9    Str: 21      XL:     5   Next: 50%
Magic:  0/4        EV: 10    Int:  5      God:
Gold:   124        SH:  4    Dex:  9 (11) Spells: 4/4 levels left

rFire   + . .      SeeInvis .   a - +0 flail (spect)
rCold   + . .      Faith    .   c - +0 buckler
rNeg    . . .      Spirit   .   b - +0 scale mail
rPois   +          Reflect  .   (helmet restricted)
rElec   +          Harm     .   k - +0 cloak
rCorr   +          Rampage  .   (no gloves)
Will    .....                   m - +0 pair of boots
Stlth   ..........              (no amulet)
HPRegen 0.17/turn               (no ring)
MPRegen 0.09/turn               (no ring)

@: resistant
A: horns 2, retaliatory headbutt
a: no special abilities


You were on level 4 of the Dungeon.
You visited 1 branch of the dungeon, and saw 4 of its levels.

You collected 124 gold pieces.

Inventory:

Hand Weapons
 a - a +0 spectral flail (weapon)
Armour
 b - a +0 scale mail (worn)
 c - a +0 buckler (worn)
 k - a +0 cloak (worn)
 m - a +0 pair of boots (worn)
Scrolls
 i - a scroll of fog
Potions
 d - 2 potions of might
 e - a potion of berserk rage
 f - a potion of lignification {unknown}
 g - 2 potions of resistance
 h - a potion of mutation {unknown}
 j - a potion of flight {unknown}
 l - 2 potions of brilliance
 n - a potion of cancellation {unknown}
 o - a potion of curing {unknown}


   Skills:
 + Level 6.9 Fighting
 - Level 2.4 Maces & Flails
 - Level 3.6 Armour
 + Level 1.7 Dodging
 + Level 1.1 Stealth
 - Level 3.6 Shields


You had 4 spell levels left.
You didn't know any spells.
Your spell library contained the following spells:

 Spells                   Type           Power      Damage    Failure   Level
 Fireball                 Conj/Fire      0%         3d3       100%        5
 Iskenderun's Battlesphe  Conj           0%         2d6       100%        5
 Conjure Ball Lightning   Conj/Air       0%         3x3d6     100%        6
 Orb of Destruction       Conj           0%         N/A       100%        7


Dungeon Overview and Level Annotations

Branches:
Dungeon (4/15)
 Temple: D:4-7

Altars:

Shops:
D:1 !

Annotations:
D:4 Eustachio


Innate Abilities, Weirdness & Mutations

You have a pair of horns on your head.
You reflexively headbutt those who attack you in melee.


Message History

You block the shadow imp's attack.
You sock the shadow imp!
You kill the shadow imp!
The shadow imp disappears in a puff of smoke!
You block the ufetubus's attack. The ufetubus barely misses you.
You miss the ufetubus.
Eustachio gestures wildly while chanting.
Eustachio blinks!
The ufetubus barely misses you. You block the ufetubus's attack.
The ufetubus hits you but does no damage.
You block the ufetubus's attack.
You miss the ufetubus. Your headbutt misses the ufetubus.
You hit the white imp.
The white imp is lightly wounded.
The white imp disappears in a puff of smoke!
The ufetubus closely misses you. The ufetubus misses you.
You closely miss the ufetubus. You block the ufetubus's attack.
The ufetubus closely misses you.
The ufetubus hits you but does no damage.
The ufetubus closely misses you.
You hit the ufetubus but do no damage. You block the ufetubus's attack.
The ufetubus hits you. x2
* * * LOW HITPOINT WARNING * * *
The ufetubus closely misses you.
You thump the ufetubus!
You kill the ufetubus!
The ufetubus disappears in a puff of smoke!
You hit Eustachio but do no damage.
Eustachio is severely wounded.
Eustachio hits you with a +2 antimagic falchion.
* * * LOW HITPOINT WARNING * * *
You feel your power leaking away.
You barely miss Eustachio.
Eustachio is severely wounded.
Eustachio casts a spell.
Eustachio barely misses you.
You barely miss Eustachio.
Eustachio is severely wounded.
Eustachio hits you with a +2 antimagic falchion!
You die...

#.# #.#.......####+##
#.# #...............#
#.# #.>.............#
#.# #......)........#
###.###.#'#####'####+##
.....#.#.# #......#
####.#.#.#.# #.#.##.#
.........#.# #.#.# #
####.#...#.# # #@#
#....#...#.# #@#
#.#.##...#.. #.#
..#......... .r.
........#### ##..#
........... ...+
.########## .#.#
........ . .# ..######
## .#


You could see Eustachio and a rat (summoned).

Vanquished Creatures
  Crazy Yiuf (D:2)
  Jessica (D:3)
  A gnoll (D:1)
  5 adders
  2 worms (D:2)
  5 dart slugs
  12 ball pythons
  10 endoplasms
  3 giant cockroaches
  8 goblins
  5 hobgoblins
  A jackal (D:2)
  6 kobolds
  2 quokkas
  5 bats
  3 frilled lizards
  6 rats
76 creatures vanquished.

Notes
Turn   | Place    | Note
-------+----------+-------------------------------------------
     0 | D:1      | vineage the Minotaur Fighter began the quest for the Orb.
     0 | D:1      | Reached XP level 1. HP: 19/19 MP: 0/0
   103 | D:1      | Found a faded altar of an unknown god.
   196 | D:1      | Reached skill level 4 in Fighting
   267 | D:1      | Reached XP level 2. HP: 28/28 MP: 1/1
   359 | D:1      | Found Tikeam's Distillery.
   600 | D:1      | Reached skill level 5 in Fighting
   761 | D:1      | Reached XP level 3. HP: 36/36 MP: 2/2
  1368 | D:2      | Reached XP level 4. HP: 29/44 MP: 3/3
  1371 | D:2      | Reached skill level 1 in Dodging
  1524 | D:2      | Reached skill level 6 in Fighting
  1578 | D:2      | Found a runed translucent door.
  1579 | D:2      | Noticed Crazy Yiuf
  1973 | D:2      | Killed Crazy Yiuf
  1974 | D:2      | Reached XP level 5. HP: 41/51 MP: 4/4
  2257 | D:3      | Reached skill level 1 in Stealth
  2298 | D:3      | Noticed Jessica
  2303 | D:3      | Killed Jessica
  2533 | D:4      | Noticed Eustachio
  2580 | D:4      | Slain by Eustachio

Illustrated notes

Levels and vault maps discovered:
D:1:      heliophobic_arrival_henge, layout_loops_ring, serial_shops,
          nicolae_diamond_shop, shapermc_ecumenical_altar_petra,
          supply_closet_lemuel, chequers_serial_rivers_micro_c,
          minmay_tetromino_o4
D:2:      layout_rooms, minmay_pentomino_pile, uniq_crazy_yiuf_cottage
D:3:      layout_rooms, uniq_jessica
D:4:      layout_basic, gammafunk_ghost_grave, uniq_eustachio, uniq_edmund

Skill      XL: |  1  2  3  4  5 |
---------------+----------------+-----
Fighting       | 4 5 6 |  6.9
Dodging        | 1 |  1.7
Stealth        | 1 |  1.1
Maces & Flails | |  2.4
Armour         | |  3.6
Shields        | |  3.6

Action                   |  1- 3 |  4- 6 || total
-------------------------+-------+-------++-------
Melee: Flail             |    80 |    85 ||   165
       Headbutt          |    13 |    16 ||    29
  Use: Scroll            |     3 |     4 ||     7
       Potion            |       |     1 ||     1
Armor: Scale mail        |    38 |    36 ||    74
Dodge: Dodged            |    31 |    66 ||    97
Block: Buckler           |    10 |    29 ||    39

Table legend: (Time is in decaauts)
 A = Elapsed time spent in this place.
 B = Non-inter-level travel time spent in this place.
 C = Inter-level travel time spent in this place.
 D = Time resting spent in this place.
 E = Time spent auto-exploring this place.
 F = Levels seen in this place.
 G = Mean time per level.
                   A        B        C        D        E       F      G
               +--------+--------+--------+--------+--------+-----+--------+
         Total |   2626 |   2508 |    118 |      0 |   2060 |   4 |  656.5 |
       Dungeon |   2626 |   2508 |    118 |      0 |   2060 |   4 |  656.5 |
               +--------+--------+--------+--------+--------+-----+--------+

Top non-repeatable levels by time:
     D:1: 1297 daAuts
     D:2: 821 daAuts
     D:3: 400 daAuts
     D:4: 107 daAuts
